Map: Ephemeron LE

Players

Mortlock - Winner!

  • Race: Terran Terran
  • League: Silver
  • Spawn Location: 5:00

A.I. 1 (Very Hard)

  • Race: Terran Terran
  • Spawn Location: 11:00

VOD

Have the link to the VOD?

Description

Time

  • Played on: Dec. 23, 2019, 8:14 a.m.
  • Length: 9:58
Show
View Real Time Build Order
Export as new Build Order

Mortlock Terran - Winner!

Build Orders:  

Get SALT Encoding   

  12  0:00  SCV  
  13  0:13  SCV  
  14  0:17  Supply Depot  
  14  0:25  SCV  
  15  0:39  SCV  
  15  0:41  Barracks  
  16  0:45  Refinery  
  16  0:51  SCV  
  17  1:03  SCV  
  18  1:15  SCV  
  19  1:28  Orbital Command  
  19  1:30  Barracks Reactor  
  19  1:44  Command Center  
  19  1:53  Supply Depot  
  19  1:55  SCV  
  20  2:07  SCV  
  21  2:09  Barracks  
  21  2:19  SCV  
  21  2:20  Marine  
  21  2:21  Marine  
  24  2:30  Barracks  
  24  2:31  SCV  
  25  2:40  Marine x2  
  25  2:43  SCV  
  28  2:55  SCV  
  28  2:58  Barracks Tech Lab  
  29  3:01  Orbital Command  
  29  3:07  SCV  
  29  3:12  Marine x2  
  32  3:17  Supply Depot  
  32  3:19  Barracks Reactor, SCV  
  33  3:21  Factory  
  33  3:28  Refinery  
  33  3:30  SCV  
  33  3:32  SCV  
  35  3:42  Supply Depot  
  35  3:43  Marine x3  
  35  3:44  SCV  
  35  3:45  Stimpack  
  39  3:56  SCV  
  39  3:59  Marine  
  39  4:00  Marine  
  39  4:01  Marine x3  
  45  4:05  Starport, Supply Depot  
  45  4:07  Factory Reactor  
  45  4:09  SCV  
  46  4:11  SCV  
  47  4:17  Marine x2  
  47  4:19  Marine  
  47  4:21  SCV  
  51  4:28  SCV, Supply Depot  
  52  4:32  Marine  
  52  4:33  SCV, Marine  
  52  4:35  Marine x2  
  52  4:36  Marine  
  58  4:55  Medivac x2  
  58  4:59  Supply Depot  
  62  5:01  Marine x5  
  67  5:07  SCV  
  67  5:11  Barracks  
  68  5:14  Supply Depot  
  68  5:18  SCV, Marine  
  68  5:19  SCV  
  71  5:21  Marine x3  
  71  5:22  Marine  
  71  5:23  Widow Mine  
  71  5:25  Medivac x2  
  81  5:31  SCV  
  82  5:36  Marine  
  82  5:37  Barracks  
  82  5:39  Barracks, Marine  
  82  5:41  Engineering Bay  
  84  5:46  Refinery  
  84  5:48  Refinery  
  84  5:49  Marine  
  85  5:50  Marine x2  
  85  5:52  Factory Tech Lab  
  85  5:54  Marine  
  88  6:03  Marine  
  89  6:07  Marine x2  
  89  6:08  Marine, Supply Depot  
  89  6:10  Supply Depot  
  92  6:12  Marine  
  93  6:27  Barracks Reactor x2  
  93  6:34  Siege Tank  
  96  6:42  Supply Depot  
  96  6:44  Supply Depot  
  96  6:47  Missile Turret  
  96  6:53  Missile Turret  
  96  6:55  Missile Turret  
  96  6:57  Missile Turret  
  96  7:00  Missile Turret  
  96  7:03  Missile Turret  
  96  7:05  Missile Turret  
  96  7:06  Marine x2  
  96  7:07  Marine x3  
  101  7:12  Supply Depot  
  101  7:17  Supply Depot  
  101  7:18  SCV  
  101  7:20  SCV  
  103  7:24  Marine  
  103  7:25  Marine x4  
  103  7:26  Marine x3  
  111  7:32  SCV  
  88  8:59  Marine x9  
  97  9:03  Siege Tank  
  97  9:04  Medivac x2  
  103  9:16  Marine  
  103  9:17  Marine x8  
  111  9:34  Marine  
  111  9:35  Marine x8  
Show
View Real Time Build Order
Export as new Build Order

A.I. 1 (Very Hard) Terran 

Build Orders:  

Get SALT Encoding   

  12  0:00  SCV  
  13  0:13  SCV  
  14  0:18  Supply Depot  
  14  0:25  SCV  
  15  0:39  SCV  
  16  0:51  SCV  
  16  0:56  Refinery  
  17  0:58  Barracks  
  17  1:04  SCV  
  18  1:16  SCV  
  19  1:26  Command Center  
  19  1:36  Supply Depot  
  19  1:39  SCV  
  20  1:47  Marine  
  21  1:59  Factory  
  21  2:12  Barracks  
  21  2:13  SCV  
  22  2:17  Marine  
  23  2:25  SCV  
  24  2:30  Supply Depot  
  24  2:37  SCV, Marine  
  24  2:43  Factory Tech Lab  
  26  2:47  SCV  
  27  2:55  Marine  
  28  3:00  Orbital Command  
  28  3:08  Refinery  
  28  3:13  Orbital Command  
  28  3:15  Marine  
  29  3:20  Marine  
  29  3:25  SCV  
  31  3:32  Marine  
  32  3:37  SCV  
  32  3:38  SCV, Marine  
  35  3:48  Barracks  
  35  3:50  SCV x2, Marine  
  38  3:56  Barracks Tech Lab  
  38  4:02  Starport, SCV x2  
  39  4:09  Barracks Tech Lab  
  40  4:14  SCV, Marine  
  40  4:15  Stimpack, SCV  
  43  4:24  Supply Depot  
  43  4:26  SCV  
  43  4:27  Combat Shield, SCV, Marine  
  46  4:32  Marine  
  46  4:34  Marine  
  46  4:38  SCV  
  49  4:39  SCV  
  49  4:40  Medivac  
  52  4:45  Marine  
  52  4:47  Supply Depot  
  52  4:50  SCV, Marine  
  52  4:51  SCV  
  52  4:52  Marine, Supply Depot  
  57  5:02  SCV  
  57  5:03  SCV, Marine  
  60  5:08  Marauder  
  60  5:10  Barracks Reactor, Medivac, Refinery  
  60  5:13  Engineering Bay  
  64  5:14  SCV  
  64  5:16  SCV  
  66  5:21  Marauder  
  66  5:25  Supply Depot  
  66  5:26  SCV  
  66  5:28  SCV  
  70  5:30  Marauder  
  70  5:33  Refinery  
  72  5:38  SCV  
  72  5:40  Terran Infantry Weapons Level 1, SCV  
  72  5:41  Engineering Bay  
  74  5:43  Marauder  
  74  5:48  Missile Turret  
  76  5:50  SCV  
  76  5:51  Missile Turret, Marauder  
  76  5:53  SCV  
  76  5:55  Supply Depot  
  80  6:03  SCV  
  81  6:04  Marauder  
  81  6:06  SCV  
  81  6:07  Terran Infantry Armor Level 1  
  81  6:08  Starport Reactor, Barracks  
  84  6:12  Marauder  
  84  6:16  SCV, Marine  
  88  6:19  Supply Depot  
  88  6:20  Marine  
  89  6:26  Marauder  
  89  6:32  Concussive Shells  
  91  6:33  Marine  
  92  6:40  Marine x2  
  92  6:42  Supply Depot  
  92  6:44  Viking x2  
  100  6:47  Marauder  
  100  6:51  Marine  
  101  6:58  Missile Turret  
  101  7:03  Marine  
  101  7:05  Supply Depot  
  104  7:08  Marauder  
  104  7:13  Fusion Core  
  104  7:14  Medivac  
  106  7:17  Missile Turret  
  106  7:26  Medivac  
  106  7:27  Marauder  
  106  7:28  Supply Depot  
  112  7:30  Marauder  
  112  7:33  Command Center  
  112  7:37  Missile Turret  
  112  7:53  Supply Depot  
  111  7:59  Factory  
  111  8:06  Siege Tank  
  114  8:16  Supply Depot  
  114  8:21  Marine x5  
  77  8:32  Medivac  
  67  8:35  Viking  
  67  8:38  Siege Tank, Marine x2  
  67  8:39  Marine x3  
  69  8:43  SCV  
  69  8:44  SCV  
  69  8:46  SCV  
  36  8:55  SCV  
  36  8:56  Marine x3  
  36  8:57  Marine, Marauder  
  36  8:58  SCV  
  37  9:08  SCV  
  31  9:10  SCV, Siege Tank  
  31  9:14  Marine x2  
  23  9:18  Marauder  
  23  9:20  SCV  
  21  9:24  SCV  
  21  9:25  Marine  
  19  9:32  SCV  
  19  9:36  SCV  
  15  9:43  Command Center  
Tags
 
League
Silver
Matchup
TvT
Race
Terran
Spawn Locations
Cross Positions
Add a new tag
Caveats
  • Supply blocks, unpowered buildings, or Contaminate may cause inaccurate times.
  • Supply counts are checked every 10 seconds.